 Dungeon Crawl Stone Soup version 0.28.0-53-g5a82cb258f (webtiles) character file.

Game seed: 1347257961359480574

634 H0rd4k the Charlatan (level 7, 0/52 HPs)
             Began as a Human Artificer on July 20, 2022.
             Was an Initiate of Gozag.
             Killed by nerve-wracking pain
             ... invoked by Menkaure
              (10 damage)
             ... on level 5 of the Dungeon.
             The game lasted 00:05:51 (8587 turns).

H0rd4k the Charlatan (Human Artificer)              Turns: 8587, Time: 00:05:52

Health: 0/52       AC:  8    Str: 13    XL:     7   Next: 78%
Magic:  7/7        EV: 12    Int: 13    God:    Gozag
Gold:   394        SH:  0    Dex: 17    Spells: 6/6 levels left

rFire   . . .      SeeInvis .   t - +2 dagger (venom)
rCold   + + +      Faith    .   (no shield)
rNeg    . . .      Spirit   .   v - +3 ring mail "Hiarah" {*Corrode rPois rC+++ Dex+4}
rPois   +          Reflect  .   (no helmet)
rElec   .          Harm     .   (no cloak)
rCorr   .          Rampage  .   (no gloves)
Will    .....                   (no boots)
Stlth   +.........              (no amulet)
HPRegen 0.17/turn               (no ring)
MPRegen 0.10/turn               (no ring)

@: gold aura
A: no striking features
a: Renounce Religion, Potion Petition, Call Merchant, Bribe Branch


You were on level 5 of the Dungeon.
You worshipped Gozag.
Gozag was aware of your devotion.
You visited 2 branches of the dungeon, and saw 6 of its levels.

You collected 430 gold pieces.
You paid 36 gold pieces to Gozag.

Inventory:

Hand Weapons
 a - a +0 club
 i - a +2 short sword of venom
 r - a +2 vorpal flail
 t - a +2 dagger of venom (weapon)
 B - a +2 dagger of flaming
Missiles
 s - 2 poisoned darts (quivered)
Armour
 b - a +0 leather armour
 m - the +0 robe "Diykan" {+Inv rElec rC- rCorr}
   (You found it on level 2 of the Dungeon)

   rC:        It makes you vulnerable to cold.
   rElec:     It insulates you from electricity.
   +Inv:      It lets you turn invisible.
   rCorr:     It protects you from acid and corrosion.
 v - the +3 ring mail "Hiarah" (worn) {*Corrode rPois rC+++ Dex+4}
   (You found it on level 3 of the Dungeon)

   Dex:       It affects your dexterity (+4).
   rC:        It renders you almost immune to cold.
   rPois:     It protects you from poison.
   *Corrode:  It may corrode you when you take damage.
Wands
 c - a wand of flame (4)
 d - a wand of charming (3)
 x - a wand of paralysis (9)
 z - a wand of iceblast (8)
Scrolls
 g - a scroll of enchant armour {unknown}
 h - 5 scrolls of identify {unknown}
 j - 2 scrolls of teleportation {unknown}
 l - 3 scrolls of fog {unknown}
 n - 2 scrolls of magic mapping {unknown}
 o - 2 scrolls of amnesia {unknown}
 p - a scroll of enchant weapon {unknown}
 u - a scroll of noise {unknown}
 y - a scroll of vulnerability {unknown}
 D - a scroll of fear {unknown}
Potions
 f - a potion of flight {unknown}
 k - a potion of lignification {unknown}
 q - a potion of might {unknown}
 w - a potion of resistance {unknown}
 A - 3 potions of curing
 C - a potion of ambrosia {unknown}
Miscellaneous
 e - a piece from Xom's chessboard (15/15)


   Skills:
 + Level 3.1 Fighting
 + Level 3.3 Short Blades
 + Level 2.9 Maces & Flails
 + Level 1.1 Throwing
 - Level 2.0 Armour
 + Level 4.0 Dodging
 - Level 1.0 Stealth
 + Level 4.3 Evocations


You had 6 spell levels left.
You didn't know any spells.
Your spell library was empty.

Dungeon Overview and Level Annotations

Branches:
Dungeon (5/15)             Temple (1/1) D:4

Altars:
Ashenzari
Cheibriados
Dithmenos
Elyvilon
Fedhas
Gozag
Hepliaklqana
Kikubaaqudgha
Makhleb
Okawaru
Qazlal
Ru
Sif Muna
Uskayaw
Vehumet
Wu Jian
Xom
Yredelemnul
Zin
The Shining One

Shops:
D:3 (   D:4 (

Annotations:
D:5 Menkaure


Message History

The jelly quivers.
The centaur shoots an arrow.
The arrow hits you!
The centaur shoots an arrow.
The arrow hits you!
The centaur shoots an arrow.
The arrow misses you.
The centaur shoots an arrow.
The arrow hits you but does no damage.
Aiming: Charm
Press: ? - help, Shift-Dir - straight line, f - jelly
Aim: a jelly (chance to affect: 68%)
The jelly is charmed.
The centaur shoots an arrow.
The arrow completely misses your jelly. The arrow hits you!
Unknown command.
What are your orders? t - Shout!
Orders for allies: a - Attack new target. p - Attack previous target. r - Retreat! s - Stop attacking. g - Guard the area. f - Follow me.
Anything else - Cancel.
Guard this area!
The centaur shoots an arrow.
The arrow hits your jelly.
Menkaure gestures wildly while chanting.
Menkaure seems to speed up.
The centaur shoots an arrow.
The arrow hits your jelly!
Your jelly dies!
The centaur shoots an arrow.
The arrow hits you.
Aiming: Charm
Press: ? - help, Shift-Dir - straight line, f - centaur
Aim: a centaur, wielding a +0 shortbow and quivering arrows (chance to affect: 60%)
The centaur resists with significant effort.
The centaur shoots an arrow.
The arrow barely misses you.
Menkaure calls on the powers of darkness!
The centaur convulses!
Your body is wracked with pain!
* * * LOW HITPOINT WARNING * * *
The centaur shoots an arrow.
The arrow misses you.
Aiming: Charm
Press: ? - help, Shift-Dir - straight line, f/p - centaur
Aim: a centaur, wielding a +0 shortbow and quivering arrows (heavily wounded, chance to affect: 60%)
The centaur is charmed.
Menkaure points at you and mumbles some strange words.
Pain shoots through your body!
You die...
Your body crumbles into a pile of gold.

###########
#.........#
#.........#
#.........#
##########.........#
#..##....<.........#
##.....####.........#
.....### #.........#
#.#..# #.....@...#
..##..# #.........#
...##.# ########.##
##....# $cM. # ##....
.....# # ###.#
......# # .. ##......
# #.....#. #
........#


You could see Menkaure (fast) and a friendly centaur (charmed).

Vanquished Creatures
  An ogre (D:5)
  A scorpion (D:4)
  A hound (D:4)
  2 orc priests
  2 iguanas (D:4)
  Ijyb (D:5)
  2 orc wizards
  2 hound skeletons
  3 gnolls (D:3)
  3 adders
  2 white imps (D:4)
  An adder skeleton (D:4)
  A worm (D:2)
  4 dart slugs
  26 orcs
  5 ball pythons
  3 endoplasms
  A giant cockroach (D:3)
  6 goblins
  7 hobgoblins
  6 quokkas
  5 bats
  2 frilled lizards
  8 kobolds
  4 rats
99 creatures vanquished.

Vanquished Creatures (collateral kills)
  A gnoll shaman (D:5)
  An adder (D:3)
  A gnoll (D:5)
  An orc (D:3)
  2 ball pythons (D:3)
6 creatures vanquished.

Vanquished Creatures (others)
  A jelly (D:5)
  An adder (D:3)
  2 gnolls (D:5)
  A frilled lizard (D:3)
  3 fungi (D:5)
  8 plants (D:3)
16 creatures vanquished.

Grand Total: 121 creatures vanquished

Notes
Turn   | Place    | Note
-------+----------+-------------------------------------------
     0 | D:1      | H0rd4k the Human Artificer began the quest for the Orb.
     0 | D:1      | Reached XP level 1. HP: 15/15 MP: 1/1
   714 | D:1      | Reached XP level 2. HP: 13/21 MP: 2/2
  1955 | D:2      | Reached XP level 3. HP: 8/26 MP: 3/3
  2669 | D:2      | Identified the +0 robe "Diykan" {+Inv rElec rC- rCorr}
  2920 | D:2      | Reached skill level 1 in Maces & Flails
  3350 | D:3      | Reached XP level 4. HP: 22/32 MP: 4/4
  4370 | D:2      | Reached XP level 5. HP: 7/38 MP: 5/5
  4766 | D:3      | Found Amnaezxo's Weapon Boutique.
  4857 | D:3      | Found a shimmering altar of Xom.
  5093 | D:3      | Found a faded altar of an unknown god.
  5537 | D:3      | Reached XP level 6. HP: 18/44 MP: 6/6
  5800 | D:3      | Identified the +3 ring mail "Hiarah" {*Corrode rPois rC+++
                  | Dex+4}
  6068 | D:4      | Found a staircase to the Ecumenical Temple.
  6106 | Temple   | Entered the Ecumenical Temple
  6296 | Temple   | Became a worshipper of Gozag Ym Sagoz the Greedy
  6322 | D:4      | Reached skill level 1 in Short Blades
  6503 | D:4      | Reached skill level 1 in Throwing
  7007 | D:4      | Found an ornate altar of the Wu Jian Council.
  7358 | D:4      | Found Tatiogoe's Antique Weapon Shop.
  7522 | D:5      | Entered Level 5 of the Dungeon
  7636 | D:5      | Noticed Menkaure
  7651 | D:4      | Reached XP level 7. HP: 25/51 MP: 7/7
  7957 | D:5      | Noticed Ijyb
  8000 | D:5      | Killed Ijyb
  8587 | D:5      | Killed from afar by Menkaure

Illustrated notes

Levels and vault maps discovered:
D:1:      dpeg_arrival_brainrot, layout_basic, kennysheep_crisscross,
          interstate_on_off
D:2:      layout_basic, minmay_fountain_box
D:3:      layout_loops_ring, xom_confusion_cloud,
          chequers_ecumenical_altar_simple_redux, serial_shops,
          nicolae_shop_bloodbath_and_beyond, minmay_shallow_snake_nest
D:4:      layout_cave_pods, mainiacjoe_overflow_24_doors, temple_pool_b,
          serial_shops, shop
D:5:      old_forge, layout_rooms, serial_aquarium, aquarium_bridge_square
          [aquarium_subvault_window, aquarium_subvault_bridge,
          aquarium_subvault_wall, aquarium_subvault_balcony],
          aquarium_window_fake, aquarium_window_2, aquarium_window_3,
          aquarium_view_2c, aquarium_view_2e, grunt_ministairs_15,
          moated_statue, uniq_ijyb, uniq_edmund, uniq_menkaure
Temple:   hc_temple_tempest_star

Skill      XL: |  1  2  3  4  5  6  7 |
---------------+----------------------+-----
Maces & Flails | 1 2 |  2.9
Dodging        | 2 3 4 |  4.0
Evocations     | 4 |  4.3
Fighting       | 2 3 |  3.1
Short Blades   | 2 3 |  3.3
Throwing       | 1 |  1.1
Armour         | |  2.0
Stealth        | |  1.0

Action                   |  1- 3 |  4- 6 |  7- 9 || total
-------------------------+-------+-------+-------++-------
Melee: Club              |   152 |    27 |       ||   179
       Punch             |     2 |     4 |     2 ||     8
       Short sword       |       |    39 |       ||    39
       Dagger            |       |   145 |    88 ||   233
Throw: Dart              |     4 |     7 |     2 ||    13
       Throwing net      |       |     2 |       ||     2
Evoke: Wand              |     1 |    15 |     7 ||    23
 Stab: Sleeping          |     1 |     1 |       ||     2
       Distracted        |       |       |     1 ||     1
Armor: Leather armour    |    28 |       |       ||    28
       Robe              |     2 |    30 |       ||    32
       Ring mail         |       |    36 |    22 ||    58
Dodge: Dodged            |    90 |   126 |    36 ||   252
